 Dungeon Crawl Stone Soup version 0.29.0-13-gc9e81de378 (webtiles) character file.

Game seed: 15815051611637105303

445 Arctor the Chiller (level 6, -12/47 HPs)
             Began as a Demonspawn Ice Elementalist on Sept 8, 2022.
             Was an Initiate of Makhleb.
             Mangled by a shadow (22 damage)
             ... on level 5 of the Dungeon.
             The game lasted 00:08:01 (4278 turns).

Arctor the Chiller (Demonspawn Ice Elementalist)    Turns: 4278, Time: 00:08:01

Health: -12/47     AC: 14    Str: 19    XL:     6   Next: 72%
Magic:  2/11       EV: 12    Int: 22    God:    Makhleb [......]
Gold:   279        SH:  0    Dex: 13    Spells: 8/12 levels left

rFire   . . .      SeeInvis .   r - +4 falchion "Biach" {vorpal, Drain rCorr Str+10 Int+4}
rCold   . . .      Faith    .   (no shield)
rNeg    . . .      Spirit   .   a - +0 robe
rPois   +          Reflect  .   (no helmet)
rElec   .          Harm     .   i - +0 cloak
rCorr   +          Rampage  .   (no gloves)
Will    .....                   c - +1 pair of boots
Stlth   ++........              (no amulet)
HPRegen 0.15/turn               g - ring of poison resistance
MPRegen 0.12/turn               (no ring)

@: sanguine armoured, freezing walls
A: sanguine armour 2, weakness stinger 1
a: Renounce Religion


You were on level 5 of the Dungeon.
You worshipped Makhleb.
Makhleb was noncommittal.
You visited 1 branch of the dungeon, and saw 5 of its levels.

You collected 279 gold pieces.

Inventory:

Hand Weapons
 p - a +1 dagger of chaos
 r - the +4 falchion "Biach" (weapon) {vorpal, Drain rCorr Str+10 Int+4}
   (You found it on level 4 of the Dungeon)

   It inflicts extra damage upon your enemies.
   Str:       It affects your strength (+10).
   Int:       It affects your intelligence (+4).
   rCorr:     It protects you from acid and corrosion.
   Drain:     It drains your maximum health when unequipped.
Missiles
 q - 5 poisoned darts
Armour
 a - a +0 robe (worn)
 c - a +1 pair of boots (worn)
 i - a +0 cloak (worn)
Magical Staves
 n - a staff of cold
Jewellery
 g - a ring of poison resistance (left hand)
Wands
 e - a wand of acid (7)
 l - a wand of roots (14)
Scrolls
 f - 2 scrolls of noise
 k - 3 scrolls of butterflies {unknown}
 m - 5 scrolls of blinking {unknown}
 o - a scroll of fear {unknown}
 s - 2 scrolls of identify
 v - a scroll of poison
 w - 2 scrolls of teleportation
 x - a scroll of silence {unknown}
 y - a scroll of amnesia {unknown}
Potions
 d - 4 potions of curing
 h - 2 potions of flight {unknown}
 j - a potion of brilliance {unknown}
 t - a potion of magic
 u - a potion of resistance {unknown}


   Skills:
 * Level 3.0 Fighting
 * Level 0.5 Long Blades
 + Level 1.7 Staves
 + Level 2.4 Dodging
 + Level 2.1 Stealth
 - Level 0.4 Unarmed Combat
 + Level 3.6 Spellcasting
 + Level 5.0 Ice Magic


You had 8 spell levels left.
You knew the following spells:

 Your Spells              Type           Power      Damage    Failure   Level
a - Freeze                Ice            100%       1d11      1%          1
b - Frozen Ramparts       Ice            52%        1d8       4%          3

Your spell library contained the following spells:

 Spells                   Type           Power      Damage    Failure   Level
 Ozocubu's Armour         Ice            26%        N/A       4%          3
 Beastly Appendage        Tmut           6%         N/A       12%         1
 Necrotise                Necr           12%        1d4       12%         1
 Sting                    Tmut/Pois      12%        1d3       12%         1
 Poisonous Vapours        Pois/Air       6%         N/A       19%         2
 Wereblood                Tmut           3%         N/A       19%         2
 Spider Form              Tmut/Pois      3%         N/A       34%         3
 Vampiric Draining        Necr           3%         2d6       34%         3
 Hailstorm                Conj/Ice       15%        3d5       38%         4
 Olgreb's Toxic Radiance  Pois           3%         N/A       75%         4
 Freezing Cloud           Conj/Ice/Air   5%         6-21      86%         5
 Agony                    Necr           3%         N/A       97%         5
 Simulacrum               Ice/Necr       7%         N/A       99%         6
 Polar Vortex             Ice            13%        N/A       100%        9


Dungeon Overview and Level Annotations

Branches:
Dungeon (5/15)
 Temple: D:4-7

Altars:
Hepliaklqana
Makhleb
Xom
Yredelemnul

Shops:
D:5 *


Innate Abilities, Weirdness & Mutations

When seriously injured, your blood forms thick armour. (AC +9)
You have a small tail.


Message History

You slash the shadow!
Your tail-slap misses the shadow.
The shadow is severely damaged.
The shadow completely resists.
The wall freezes the shadow but does no damage.
The shadow slips into darkness.
The shadow flickers and vanishes!
Deactivating autopickup; reactivate with Ctrl-A.
You barely miss something.
The wall freezes something but does no damage.
The shadow strikes at you from the darkness!
Reactivating autopickup.
The shadow completely resists.
The wall freezes the shadow but does no damage.
The shadow slips into darkness.
The shadow flickers and vanishes!
Deactivating autopickup; reactivate with Ctrl-A.
Your magical contamination has completely faded away.
You hit something.
The wall freezes something but does no damage.
The shadow strikes at you from the darkness!
* * * LOW HITPOINT WARNING * * *
Reactivating autopickup.
Unknown command.
You hit the shadow.
Your tail-slap misses the shadow.
The shadow is almost destroyed.
The wall freezes the shadow but does no damage.
The shadow slips into darkness.
The shadow flickers and vanishes!
Deactivating autopickup; reactivate with Ctrl-A.
Casting: Frozen Ramparts (dangerous; 4% risk of failure)
Confirm with . or Enter, or press ? or * to list all spells.
You can't see any susceptible monsters within range! (Use Z to cast anyway.)
Casting: Frozen Ramparts (dangerous; 4% risk of failure)
Confirm with . or Enter, or press ? or * to list all spells.
Aiming: Freeze (safe; 1% risk of failure)
Press: ? - help, Shift-Dir - straight line You freeze something but do no damage.
The wall freezes something but does no damage.
The shadow strikes at you from the darkness!
You die...

##. ...# ### #.. ..#
#.. #.. #.# #####.#
#.. #####.#####...#=#
#.. #.............#.##
#..##.###.#####.......
#.........# ##....#...
#.###{###.# #.....#...
#....@....# ##...##.##
#####.##### ##.###.#
#.# #.# #.# #.# #.#
#.# #.# #+# #.## #.#
#... #.# #### #.# ##


There were no monsters in sight!

Vanquished Creatures
  The ghost of Tollund the Trooper, an amateur PaAK of Lugonu (D:3)
  4 crimson imps (D:3)
  An orc wizard (D:4)
  An iguana (D:4)
  3 adders
  A white imp (D:4)
  3 worms
  A dart slug (D:4)
  8 orcs
  6 endoplasms
  6 giant cockroaches
  4 goblins
  4 hobgoblins
  4 jackals (D:1)
  3 quokkas
  4 ball pythons
  5 bats (D:1)
  4 frilled lizards
  11 kobolds (D:3)
  A rat (D:2)
75 creatures vanquished.

Vanquished Creatures (others)
  2 fungi (D:3)
  2 plants (D:3)
4 creatures vanquished.

Grand Total: 79 creatures vanquished

Notes
Turn   | Place    | Note
-------+----------+-------------------------------------------
     0 | D:1      | Arctor the Demonspawn Ice Elementalist began the quest for
                  | the Orb.
     0 | D:1      | Reached XP level 1. HP: 13/13 MP: 3/3
   252 | D:1      | Gained mutation: You have a small tail. [demonic ancestry]
   252 | D:1      | Reached XP level 2. HP: 14/20 MP: 0/5
   275 | D:1      | HP: 1/20 [quokka (1)]
   919 | D:1      | Reached skill level 1 in Fighting
  1433 | D:2      | Identified the +5 short sword "Foezxu" {elec, rF++ rC+
                  | Dex-5}
  1473 | D:2      | Reached XP level 3. HP: 26/26 MP: 4/6
  1540 | D:2      | Reached skill level 4 in Ice Magic
  2437 | D:3      | Learned a level 3 spell: Frozen Ramparts
  2463 | D:3      | Found a faded altar of an unknown god.
  2586 | D:3      | Found a runed translucent gate.
  2587 | D:3      | Found a runed translucent gate.
  2588 | D:3      | Noticed Tollund's ghost (amateur PaAK)
  2591 | D:3      | Found a runed translucent gate.
  2591 | D:3      | Noticed a kobold brigand
  2922 | D:3      | Found a shimmering altar of Xom.
  2932 | D:3      | Gained mutation: When seriously injured, your blood forms
                  | armour. (AC +9) [demonic ancestry]
  2932 | D:3      | Reached XP level 4. HP: 33/33 MP: 3/7
  2938 | D:3      | Reached skill level 1 in Staves
  2938 | D:3      | Gained mutation: When seriously injured, your blood forms
                  | thick armour. (AC +9) [demonic ancestry]
  2938 | D:3      | Reached XP level 5. HP: 38/38 MP: 2/9
  3348 | D:3      | Killed Tollund's ghost
  3349 | D:3      | Reached XP level 6. HP: 33/46 MP: 0/11
  3513 | D:4      | Identified the +4 falchion "Biach" {vorpal, Drain rCorr
                  | Str+10 Int+4}
  3585 | D:4      | Reached skill level 5 in Ice Magic
  3626 | D:4      | Found a hazy altar of Hepliaklqana.
  3698 | D:4      | Found a basalt altar of Yredelemnul.
  3999 | D:5      | Entered Level 5 of the Dungeon
  4030 | D:5      | Found Ettiufot's Gadget Gallery.
  4069 | D:5      | Found a burning altar of Makhleb.
  4082 | D:5      | Became a worshipper of Makhleb the Destroyer
  4259 | D:5      | Noticed a shadow
  4278 | D:5      | Mangled by a shadow

Illustrated notes

Levels and vault maps discovered:
D:1:      lightli_arrival_lavapool, layout_rooms
D:2:      layout_basic, corexii_leaking_fountain, kennysheep_generic_room_10
D:3:      layout_rooms, led_xom_imps, gammafunk_ghost_nasty_kobolds,
          ebering_ecumenical_altar_rust
D:4:      layout_loops_ring, mainiacjoe_overflow_six_doors_small,
          mainiacjoe_overflow_alcove_1
D:5:      layout_loops_corners, mainiacjoe_overflow_alcove_2,
          kennysheep_mini_moat, nicolae_overflow_crystal_walls,
          portal_sewer_entry_d, nicolae_shop_gadgets, uniq_edmund

Skill      XL: |  1  2  3  4  5  6 |
---------------+-------------------+-----
Dodging        | 2 |  2.4
Fighting       | 1 2 3 |  3.0
Ice Magic      | 4 5 |  5.0
Staves         | 1 |  1.7
Stealth        | 2 |  2.1
Spellcasting   | 3 |  3.6
Long Blades    | |  0.5
Unarmed Combat | |  0.4

Action                   |  1- 3 |  4- 6 || total
-------------------------+-------+-------++-------
Melee: Unarmed           |    93 |       ||    93
       Punch             |     2 |       ||     2
       Tailslap          |     5 |     7 ||    12
       Staff             |     8 |    20 ||    28
       Falchion          |       |    34 ||    34
 Cast: Freeze            |    54 |    14 ||    68
       Frozen Ramparts   |     2 |     6 ||     8
  Use: Scroll            |     3 |     2 ||     5
       Potion            |     1 |     2 ||     3
 Stab: Distracted        |     1 |       ||     1
       Sleeping          |       |     4 ||     4
Armor: Robe              |    55 |    15 ||    70
Dodge: Dodged            |   116 |    36 ||   152
